 Dungeon Crawl Stone Soup version 0.31-a0-430-gf8416d752b (webtiles) character file.

Game seed: 15633386587807330537

664 Ethylacetat the Changeling (level 7, -2/48 HPs)
             Began as an Octopode Shapeshifter on July 31, 2023.
             Frozen to death by an endoplasm (4 damage)
             ... on level 4 of the Dungeon.
             The game lasted 00:07:32 (2758 turns).

Ethylacetat the Changeling (Octopode Shapeshifter)  Turns: 2758, Time: 00:07:33

Health: -2/48      AC:  9    Str: 14    XL:     7   Next: 57%
Magic:  7/7        EV: 14    Int: 10    God:
Gold:   347        SH:  0    Dex: 15    Spells: 6/6 levels left

rFire   + . .        q - +10 trident of Execution {flame, rF+ Will++}
rCold   . . .        (no shield)
rNeg    . . .        (helmet currently unavailable)
rPois   .            (no amulet)
rElec   .            l - +4 ring of protection
rCorr   .            s - +4 ring of protection
SInv    .            (no ring)
Will    ++...        (no ring)
Stlth   ++           (no ring)
HPRegen 0.28/turn    (no ring)
MPRegen 0.10/turn    (no ring)
                     (no ring)

%: no passive effects
@: beast-form
A: beast (slay +3), almost no armour, amphibious, 8 rings, camouflage 1,
gelatinous body 1, (nimble swimmer 1), tentacles
a: Begin Untransformation


You were on level 4 of the Dungeon.
You were a hulking beast.
You visited 1 branch of the dungeon, and saw 4 of its levels.

You collected 347 gold pieces.

Inventory:

Hand Weapons
 q - the +10 trident of Execution (weapon) {flame, rF+ Will++}
   (You found it on level 3 of the Dungeon)

   rF:        It protects you from fire.
   Will:      It greatly increases your willpower.
Missiles
 d - 6 curare-tipped darts (quivered)
Jewellery
 l - a +4 ring of protection (left tentacle)
 s - a +4 ring of protection (right tentacle)
Talismans
 b - a beast talisman (active)
 v - a serpent talisman
Scrolls
 e - 2 scrolls of identify {unknown}
 f - a scroll of brand weapon {unknown}
 g - 2 scrolls of noise {unknown}
 h - 2 scrolls of enchant armour {unknown}
 j - a scroll of acquirement {unknown}
 m - a scroll of fog {unknown}
 n - a scroll of vulnerability {unknown}
 u - a scroll of fear {unknown}
 w - 2 scrolls of enchant weapon {unknown}
 y - a scroll of revelation {unknown}
Potions
 a - 2 potions of lignification
 c - a potion of might {unknown}
 i - a potion of heal wounds {unknown}
 k - 2 potions of enlightenment {unknown}
 o - a potion of invisibility {unknown}
 p - a potion of curing {unknown}
 r - a potion of cancellation {unknown}
 t - 2 potions of mutation {unknown}
 x - a potion of brilliance {unknown}


   Skills:
 + Level 4.0 Fighting
 - Level 3.3 Dodging
 + Level 5.0 Unarmed Combat
 * Level 5.0 Shapeshifting


You had 6 spell levels left.
You didn't know any spells.
Your spell library contained the following spells:

 Spells                   Type           Power      Damage    Failure   Level
 Sandblast                Erth           0%         2d4       36%         1
 Passwall                 Tmut/Erth      0%         N/A       50%         2
 Stone Arrow              Conj/Erth      0%         3d7       75%         3


Dungeon Overview and Level Annotations

Branches:
Dungeon (4/15)
 Temple: D:4-7

Altars:
Nemelex Xobeh
Okawaru
Uskayaw
Wu Jian


Innate Abilities, Weirdness & Mutations

You are a hulking beast.
Your limbs bulge with bestial killing power. (Slay +3)
You cannot wear most types of armour.
You are amphibious.
You can wear up to eight rings at the same time.
Your skin changes colour to match your surroundings (Stealth+).
Your rubbery body absorbs attacks. (AC +1, EV +1)
((You are camouflaged when in or above water. (Stealth+)))
You have tentacles for arms and can constrict up to eight enemies at once.


Message History

Found a stone staircase leading down.
No target in view!
No target in view!
Found a mace.
No target in view!
No target in view!
No target in view!
You now have 347 gold pieces (gained 7).
There is a stone staircase leading down here.
Found a trident.
No target in view!
An ogre comes into view. It is wielding a +0 giant club.
A hobgoblin comes into view.
The hobgoblin shouts!
Found an iron altar of Okawaru.
You reach to attack!
You closely miss the hobgoblin.
The ogre shouts!
The hobgoblin closely misses you.
An endoplasm comes into view.
You puncture the hobgoblin! You burn the hobgoblin.
You kill the hobgoblin!
The endoplasm jiggles.
You reach to attack!
You barely miss the ogre. You barely miss the ogre. You squeeze the ogre.
The ogre is lightly wounded.
The ogre misses you.
You puncture the ogre! You burn the ogre.
The ogre is heavily wounded.
The ogre hits you with a +0 giant club!!
You puncture the ogre! You burn the ogre.
The ogre is almost dead.
The ogre hits you with a +0 giant club!!
Ouch! That really hurt!
* * * LOW HITPOINT WARNING * * *
You are too injured to fight recklessly!
You puncture the ogre! You burn the ogre.
You kill the ogre!
The endoplasm freezes you.
You are frozen.
You die...

# # ### ###.# .. # #.#
#..... . .
###.######.#.#.# . ._
#.......##.#)#.# .♣.♣
#.......##.#.#.# ##....
#.......##.....# ...#.♣.
#.......##.#.#.##.#.....
#...............h)......
.................J......
........................
........................
##.......#.#.#.#....#...
###.....................
........>#.#...#....#...
##.......#..<..........
##.......#.....#....#.


You could see an endoplasm.

Vanquished Creatures
  Sigmund (D:2)
  2 ogres (D:4)
  A phantom (D:3)
  A scorpion (D:4)
  Crazy Yiuf (D:2)
  Terence (D:2)
  Natasha (thrice) (D:3)
  4 adders
  An ufetubus (D:4)
  2 worms (D:3)
  7 dart slugs
  13 orcs
  7 endoplasms
  5 giant cockroaches
  10 hobgoblins
  5 jackals
  3 quokkas
  4 ball pythons
  3 bats
  4 frilled lizards
  7 goblins
  6 kobolds
  2 rats
93 creatures vanquished.

Notes
Turn   | Place    | Note
-------+----------+-------------------------------------------
     0 | D:1      | Ethylacetat the Octopode Shapeshifter began the quest for
                  | the Orb.
     0 | D:1      | Reached XP level 1. HP: 13/13 MP: 1/1
    87 | D:1      | Reached XP level 2. HP: 5/18 MP: 2/2
   423 | D:1      | Reached XP level 3. HP: 21/23 MP: 3/3
   667 | D:2      | Reached XP level 4. HP: 28/29 MP: 4/4
   781 | D:2      | Noticed Sigmund
   788 | D:2      | Killed Sigmund
   789 | D:2      | Reached XP level 5. HP: 36/36 MP: 5/5
   800 | D:2      | Noticed Terence
   806 | D:2      | Killed Terence
   807 | D:2      | Reached XP level 6. HP: 24/41 MP: 6/6
  1289 | D:2      | Found a runed translucent door.
  1290 | D:2      | Noticed Crazy Yiuf
  1299 | D:2      | Killed Crazy Yiuf
  1402 | D:2      | Found a faded altar of an unknown god.
  1488 | D:3      | Noticed Natasha
  1497 | D:3      | Killed Natasha
  1574 | D:3      | Identified the +10 trident of Execution {flame, rF+ Will++}
  1612 | D:3      | Noticed Natasha
  1617 | D:3      | Killed Natasha
  1767 | D:3      | Noticed Natasha
  1775 | D:3      | Killed Natasha
  2015 | D:3      | Reached XP level 7. HP: 41/46 MP: 7/7
  2128 | D:3      | Found a sparkling altar of Nemelex Xobeh.
  2128 | D:3      | Found a hide-covered altar of Uskayaw.
  2309 | D:4      | Reached skill level 5 in Shapeshifting
  2421 | D:4      | Found an ornate altar of the Wu Jian Council.
  2520 | D:4      | Reached skill level 5 in Unarmed Combat
  2751 | D:4      | Found an iron altar of Okawaru.
  2757 | D:4      | HP: 2/48 [ogre/+0 giant club (26)]
  2758 | D:4      | Frozen to death by an endoplasm

Illustrated notes

Levels and vault maps discovered:
D:1:      erik_arrival_orb_chamber, layout_rooms, minmay_small_reverse_x
D:2:      layout_loops_ring, dreamdust_ecumenical_altar_angels_and_demons,
          uniq_sigmund, uniq_terence, uniq_crazy_yiuf_cottage
D:3:      layout_basic, gammafunk_temple_overflow_wave, hex_tiny, uniq_natasha
D:4:      layout_basic, okawaru_trees_1, mainiacjoe_overflow_cross_hatched,
          kennysheep_generic_room_8

Skill      XL: |  1  2  3  4  5  6  7 |
---------------+----------------------+-----
Fighting       | 2 3 4 |  4.0
Dodging        | 3 |  3.3
Unarmed Combat | 4 5 |  5.0
Shapeshifting  | 4 5 |  5.0

Action                     |  1- 3 |  4- 6 |  7- 9 || total
---------------------------+-------+-------+-------++-------
  Melee: Unarmed           |    53 |    37 |       ||    90
         Constrict         |    16 |    12 |     4 ||    32
         Tentacles         |    11 |    12 |     3 ||    26
         Punch             |     1 |     1 |     1 ||     3
         Trident           |       |    35 |    43 ||    78
  Throw: Dart              |       |     2 |       ||     2
   Stab: Sleeping          |     3 |     8 |     5 ||    16
         Distracted        |       |     2 |       ||     2
 Armour: Skin              |     3 |    14 |     7 ||    24
  Dodge: Dodged            |    37 |    31 |    21 ||    89

Table legend: (Time is in decaauts)
 A = Elapsed time spent in this place.
 B = Non-inter-level travel time spent in this place.
 C = Inter-level travel time spent in this place.
 D = Time resting spent in this place.
 E = Time spent auto-exploring this place.
 F = Levels seen in this place.
 G = Mean time per level.
                   A        B        C        D        E       F      G
               +--------+--------+--------+--------+--------+-----+--------+
         Total |   2772 |   2648 |    124 |      0 |   2149 |   4 |  693.0 |
       Dungeon |   2772 |   2648 |    124 |      0 |   2149 |   4 |  693.0 |
               +--------+--------+--------+--------+--------+-----+--------+

Top non-repeatable levels by time:
     D:2: 947 daAuts
     D:3: 806 daAuts
     D:1: 534 daAuts
     D:4: 484 daAuts
